 Dungeon Crawl Stone Soup version 0.23.2-33-g5129a83184 (webtiles) character file.

Game seed: 4413889584216654532

59362 Derp the Carver (level 14, -2/113 HPs)
             Began as a Demonspawn Berserker on July 16, 2019.
             Was an Elder of Trog.
             Slain by a spark wasp (11 damage)
             ... on level 1 of the Depths.
             The game lasted 01:23:23 (15884 turns).

Derp the Carver (Demonspawn Berserker)             Turns: 15884, Time: 01:23:24

Health: -2/113     AC: 17    Str: 31    XL:     14   Next: 52%
Magic:  0/4        EV:  9    Int:  5    God:    Trog [****..]
Gold:   921        SH: 20    Dex: 17    Spells: 13/13 levels left

rFire    + . .     SeeInvis .   W - +6 falchion (antimagic)
rCold    . . .     Gourm    .   a - +0 shield
rNeg     . . .     Faith    .   e - +0 plate armour
rPois    .         Spirit   +   (helmet restricted)
rElec    .         Reflect  .   X - scarf {Spirit}
rCorr    +         Harm     .   m - +0 pair of gloves
MR       +....                  j - +0 pair of boots
Stlth    ..........             S - amulet "Inonkuq" {*Corrode Regen+ Str+9 Int-4 Dex+4}
HPRegen  0.68/turn              A - ring of resist corrosion
MPRegen  0.09/turn              I - ring of protection from fire

@: berserk cooldown, slowed, lightly drained, invisible, very slow
A: horns 2, large bone plates 2, demonic guardian 3, foul stench 1, rot immunity
a: Berserk, Trog's Hand, Brothers in Arms, Renounce Religion


You were on level 1 of the Depths.
You worshipped Trog.
Trog was greatly pleased with you.
You were not hungry.

You visited 3 branches of the dungeon, and saw 17 of its levels.
You also visited: Ossuary.

You collected 1054 gold pieces.
You spent 133 gold pieces at shops.

Inventory:

Hand Weapons
 l - a +6 scimitar of flaming
 O - the +11 dire flail of Exchange {drain, *Noise rF++}
   (You took it off a two-headed ogre on level 13 of the Dungeon)

   A truly terrible weapon, it drains the life of those it strikes.
   It greatly protects you from fire.
   It may make noises in combat.
 W - a +6 antimagic falchion (weapon)
Armour
 a - a +0 shield (worn)
 e - a +0 plate armour (worn)
 j - a +0 pair of boots (worn)
 m - a +0 pair of gloves (worn)
 X - a scarf of spirit shield (worn)
Jewellery
 A - a ring of resist corrosion (left hand)
 B - an uncursed ring of fire
 G - an uncursed ring of protection from magic
 H - an uncursed amulet of the acrobat
 I - a ring of protection from fire (right hand)
 S - the amulet "Inonkuq" (around neck) {*Corrode Regen+ Str+9 Int-4 Dex+4}
   (You found it on level 9 of the Dungeon)

   [amulet of regeneration]

   It affects your strength (+9).
   It affects your intelligence (-4).
   It affects your dexterity (+4).
   It increases your rate of regeneration.
   It may corrode you when you take damage.
 T - the amulet of Xoruunin {+Rage rElec Int+4 SInv}
   (You took it off a big kobold on level 9 of the Dungeon)

   [amulet of rage]

   It affects your intelligence (+4).
   It insulates you from electricity.
   It lets you see invisible.
   It lets you go berserk.
Wands
 q - a wand of random effects (11)
 u - a wand of acid (8)
 L - a wand of enslavement (12)
 Y - a wand of polymorph (22)
 Z - a wand of disintegration (28)
Scrolls
 b - a scroll of identify
 d - 4 scrolls of fog
 f - 2 scrolls of enchant weapon
 g - a scroll of brand weapon {unknown}
 k - a scroll of summoning
 s - a scroll of noise {unknown}
 v - 3 scrolls of immolation {unknown}
 y - 5 scrolls of remove curse
 C - 2 scrolls of acquirement {unknown}
 E - 3 scrolls of magic mapping
 J - 3 scrolls of enchant armour
 K - 3 scrolls of blinking {unknown}
 M - 3 scrolls of teleportation
 P - a scroll of silence {unknown}
 Q - a scroll of vulnerability {unknown}
 U - 2 scrolls of fear {unknown}
Potions
 h - 4 potions of magic
 i - 3 potions of berserk rage
 n - 6 potions of brilliance
 o - 3 potions of heal wounds
 p - 3 potions of mutation
 t - 3 potions of agility
 w - 10 potions of curing
 x - 4 potions of flight
 z - a potion of resistance
 D - a potion of invisibility
 F - a potion of might
 N - a potion of cancellation
 R - a potion of lignification
 V - a potion of ambrosia
Comestibles
 c - 7 rations
 r - 3 chunks of flesh


   Skills:
 + Level 11.0(10.7) Fighting
 + Level 14.2(13.8) Long Blades
 + Level 1.3(1.1) Throwing
 + Level 10.2(9.9) Armour
 + Level 3.6(3.3) Dodging
 + Level 4.0(3.7) Stealth
 + Level 11.9(11.6) Shields


You had 13 spell levels left.
You didn't know any spells.
Your spell library contained the following spells:

 Spells                   Type           Power        Failure   Level  Hunger
 Animate Skeleton         Necr           N/A          99%         1    ##.....
 Apportation              Tloc           #.....       99%         1    ##.....
 Beastly Appendage        Tmut           #.....       99%         1    ##.....
 Confusing Touch          Hex            #.....       99%         1    ##.....
 Summon Small Mammal      Summ           #...         99%         1    ##.....
 Corpse Rot               Necr           N/A          100%        2    ###....
 Sticks to Snakes         Tmut           #.......     100%        2    ###....
 Sublimation of Blood     Necr           #.........   100%        2    ###....
 Spider Form              Tmut/Pois      #.........   100%        3    ####...
 Ice Form                 Ice/Tmut       #.......     100%        4    #####..
 Agony                    Necr           #.......     100%        5    ######.
 Blade Hands              Tmut           #.........   100%        5    ######.
 Bolt of Draining         Conj/Necr      #.........   100%        5    ######.
 Dispel Undead            Necr           #.......     100%        5    ######.
 Excruciating Wounds      Chrm/Necr      #.........   100%        5    ######.


Dungeon Overview and Level Annotations

Branches:
Dungeon (15/15)            Temple (1/1) D:7            Lair (0/6) D:8
    Orc (0/2) D:9          Vaults (0/5) D:13         Depths (1/5) D:15

Altars:
Ashenzari
Cheibriados
Dithmenos
Elyvilon
Fedhas
Gozag
Hepliaklqana
Kikubaaqudgha
Makhleb
Nemelex Xobeh
Okawaru
Qazlal
Ru
Sif Muna
Trog
Uskayaw
Vehumet
Wu Jian
Xom
Yredelemnul
Zin
The Shining One

Shops:
D:6 [   D:7 %   D:8 *   D:11 (   D:13 ?   Depths:1 (


Innate Abilities, Weirdness & Mutations

You have a pair of horns on your head.
You are mostly covered in large bone plates. (SH +6)
A powerful demonic guardian rushes to your aid.
You may emit foul miasma when damaged in melee.
You are immune to rotting.


Message History

The spark wasp bursts into living lightning!
The living lightning hits you.
The spark wasp blinks!
The spark wasp stings you! The spark wasp shocks you!
The spark wasp bursts into living lightning!
The living lightning hits you!
The living lightning hits the spark wasp.
The spark wasp completely resists.
The spark wasp blinks! x3
You block the spark wasp's attack. The spark wasp stings you!!
The spark wasp shocks you!
* * * LOW HITPOINT WARNING * * *
You fade into invisibility!
You block the spark wasp's attack. x2; Your Executioner hits the spark wasp!!
Your Executioner hits the spark wasp.
Your Executioner closely misses the spark wasp.
You block the spark wasp's attack. The spark wasp stings you!
* * * LOW HITPOINT WARNING * * *
The spark wasp shocks you!
* * * LOW HITPOINT WARNING * * *
The spark wasp stings you!
You die...

#...#............#......#...#
#...#............#......#...#
#...'............#))....#...#
##+##............#)######...#
,................#))..###..(#
...............>.)).........#
.................#).........#
.................############*
#+#########....y@y...ยงยง.,,,,,*
,,,,,,,,,,+....y.y......,,,,,*
,,,,,,,,,,#...1.........,,,,,*
*****,,,,,#.............,,,,,*
,,,,******#......#######******
,,,,,,,,,........#
,,,,,,,,,..!.....#
,,,,,,,,,........#
**+*,,,,,,,,,,,,,*


You could see 4 spark wasps and a friendly Executioner.

Vanquished Creatures
  Rupert (D:12)
  A stone giant (Depths:1)
  Nessos (D:12)
  A spark wasp (Depths:1)
  An ettin (D:15)
  The ghost of RatmanManrat the Basher, a journeyman MiBe of Trog (D:13)
  An ogre mage (Depths:1)
  2 vault guards (D:13)
  A hydra (D:15)
  3 centaur warriors
  3 tengu warriors
  Erica (D:10)
  16 two-headed ogres
  A vampire mage (Depths:1)
  3 hell knights
  An unseen horror (D:15)
  A deep elf archer (D:15)
  3 orc knights
  3 necromancers (Depths:1)
  2 cyclopes (D:11)
  An orc sorcerer (D:13)
  A deep elf mage (D:14)
  8 ugly things
  A manticore (D:13)
  3 slime creatures
  Maurice (D:9)
  A gargoyle (D:9)
  Psyche (D:8)
  7 centaur skeletons
  A yaktaur (D:13)
  A tengu conjurer (D:14)
  3 meliai (D:14)
  6 trolls
  2 hornets
  Prince Ribbit (D:8)
  3 hippogriffs
  Sigmund (D:3)
  A shadow (D:14)
  A centaur simulacrum (D:15)
  A wyvern (D:13)
  3 wraiths
  13 yaks
  3 water elementals
  A basilisk (D:15)
  5 vampire mosquitoes (D:15)
  Grum (D:8)
  A warg (D:15)
  4 acid dragons
  Menkaure (D:4)
  3 soldier ants
  A floating eye (shapeshifter) (D:14)
  4 ice beasts
  4 sky beasts
  3 black bears
  5 orc warriors
  2 wolves (D:8)
  An eye of draining (D:13)
  3 necrophages
  3 phantoms
  13 ogres
  3 centaurs
  2 crocodiles
  2 big kobolds
  11 bullfrogs
  2 gnoll sergeants
  A wyvern zombie (D:13)
  6 scorpions
  A wyvern skeleton (D:11)
  A water moccasin skeleton (D:11)
  14 killer bees
  11 wights
  4 electric eels (D:12)
  A howler monkey (D:9)
  2 bullfrog zombies
  5 crimson imps
  11 hounds
  6 centaur zombies
  2 jellies
  A bullfrog skeleton (D:8)
  A gnoll shaman (D:10)
  A human zombie (Ossuary)
  6 orc priests
  17 orc wizards
  Natasha (thrice) (D:2)
  3 iguanas
  8 worker ants
  A killer bee zombie (D:8)
  A hound zombie (D:8)
  A hound skeleton (D:5)
  3 mummies (Ossuary)
  A worker ant zombie (D:7)
  8 adders
  15 gnolls
  3 oozes
  2 adder skeletons (D:6)
  3 adder zombies
  4 worms
  A dart slug (D:3)
  11 leopard geckos
  39 orcs
  A giant cockroach (D:3)
  11 goblins
  10 hobgoblins
  18 jackals
  5 quokkas
  4 ball pythons
  7 bats
  4 frilled lizards
  A giant cockroach zombie (D:6)
  4 gnoll zombies (Ossuary)
  A goblin zombie (Ossuary)
  A hobgoblin zombie (Ossuary)
  A jackal zombie (D:6)
  12 kobolds
  A leopard gecko skeleton (D:4)
  10 rats
475 creatures vanquished.

Vanquished Creatures (collateral kills)
  A vault guard (D:13)
  An ogre mage (Depths:1)
  A centaur warrior (D:13)
  2 tengu warriors (Depths:1)
  4 two-headed ogres
  A wizard (D:13)
  2 ugly things (D:15)
  A gargoyle (D:13)
  A centaur skeleton (D:15)
  A yaktaur (D:13)
  A slime creature (D:13)
  A hippogriff (D:15)
  A porcupine (D:8)
  3 centaurs
  An ogre (Depths:1)
  2 bullfrogs
  2 wyvern zombies
  A wyvern skeleton (D:8)
  A wight (D:6)
  3 orc wizards
  An orc priest (D:10)
  A gnoll (D:8)
  An adder skeleton (D:9)
  4 orcs
  3 jackals (D:11)
  A quokka skeleton (D:9)
42 creatures vanquished.

Vanquished Creatures (others)
  An orc wizard (D:10)
  An adder zombie (D:9)
  21 fungi (D:8)
  3 plants (D:8)
26 creatures vanquished.

Grand Total: 543 creatures vanquished

Notes
Turn   | Place    | Note
-------+----------+-------------------------------------------
     0 | D:1      | Derp the Demonspawn Berserker began the quest for the Orb.
     0 | D:1      | Reached XP level 1. HP: 18/18 MP: 1/1
   106 | D:1      | Gained mutation: You are immune to rotting. [demonic
                  | ancestry]
   106 | D:1      | Reached XP level 2. HP: 23/24 MP: 2/2
   180 | D:1      | Reached skill level 3 in Long Blades
   545 | D:1      | Reached XP level 3. HP: 29/29 MP: 3/3
   571 | D:1      | Reached ** piety under Trog
  1168 | D:2      | Found a deep blue altar of Sif Muna.
  1179 | D:2      | Noticed Natasha
  1196 | D:2      | Killed Natasha
  1196 | D:2      | Gained mutation: You may emit foul miasma when damaged in
                  | melee. [demonic ancestry]
  1196 | D:2      | Reached XP level 4. HP: 16/37 MP: 4/4
  1332 | D:2      | Noticed Natasha
  1343 | D:2      | Killed Natasha
  1571 | D:2      | Found a sacrificial altar of Ru.
  1797 | D:2      | Noticed Natasha
  1802 | D:2      | Killed Natasha
  1802 | D:2      | Reached skill level 4 in Long Blades
  1908 | D:3      | Gained mutation: You are partially covered in large bone
                  | plates. (SH +4) [demonic ancestry]
  1908 | D:3      | Reached XP level 5. HP: 39/42 MP: 5/5
  2702 | D:3      | Reached *** piety under Trog
  2776 | D:3      | Noticed Sigmund
  2818 | D:3      | Killed Sigmund
  2818 | D:3      | Reached skill level 5 in Long Blades
  2818 | D:3      | Reached XP level 6. HP: 49/49 MP: 6/6
  3139 | D:4      | Gained mutation: A weak demonic guardian rushes to your
                  | aid. [demonic ancestry]
  3139 | D:4      | Reached XP level 7. HP: 39/55 MP: 7/7
  3347 | D:4      | Found a sand-covered staircase.
  3351 | Ossuary  | Entered an ossuary
  3573 | Ossuary  | Reached skill level 5 in Fighting
  3925 | D:4      | Noticed Menkaure
  3935 | D:4      | Killed Menkaure
  3935 | D:4      | Reached skill level 6 in Long Blades
  4461 | D:5      | Entered Level 5 of the Dungeon
  4663 | D:5      | Gained mutation: You have a pair of small horns on your
                  | head. [demonic ancestry]
  4663 | D:5      | Reached XP level 8. HP: 30/63 MP: 8/8
  4719 | D:5      | Found a hide-covered altar of Uskayaw.
  4793 | D:5      | Reached skill level 7 in Long Blades
  4933 | D:5      | Found a deep blue altar of Sif Muna.
  4955 | D:5      | Found a sacrificial altar of Ru.
  5068 | D:5      | Reached skill level 1 in Stealth
  5659 | D:6      | Found Xuvioffe's Antique Armour Shop.
  5710 | D:6      | Reached skill level 5 in Armour
  5931 | D:6      | Reached **** piety under Trog
  5935 | D:6      | Received a gift from Trog
  5937 | D:6      | Reached skill level 8 in Long Blades
  6158 | D:6      | Gained mutation: You are mostly covered in large bone
                  | plates. (SH +6) [demonic ancestry]
  6158 | D:6      | Reached XP level 9. HP: 46/71 MP: 9/9
  6228 | D:6      | Found a burning altar of Makhleb.
  6400 | D:7      | Found Toboykops's Food Shop.
  6489 | D:7      | Found a radiant altar of Vehumet.
  6499 | D:7      | Found a burning altar of Makhleb.
  6501 | D:7      | Found an ornate altar of the Wu Jian Council.
  6966 | D:7      | Found a staircase to the Ecumenical Temple.
  6985 | Temple   | Entered the Ecumenical Temple
  7639 | D:8      | Noticed Grum
  7675 | D:8      | Killed Grum
  7716 | D:8      | Reached skill level 1 in Shields
  7918 | D:8      | Reached skill level 9 in Long Blades
  8041 | D:8      | Reached XP level 10. HP: 30/79 MP: 10/10
  8065 | D:8      | Found Orealaff's Serpentskin Sales.
  8136 | D:8      | Found a bloodstained altar of Trog.
  8247 | D:8      | Noticed Prince Ribbit
  8262 | D:8      | Killed Prince Ribbit
  8418 | D:8      | Found a staircase to the Lair.
  8439 | D:8      | Noticed Psyche
  8453 | D:8      | Killed Psyche
  8748 | D:9      | Found a staircase to the Orcish Mines.
  8926 | D:9      | Reached skill level 5 in Shields
  8992 | D:9      | Noticed a centaur warrior
  9013 | D:9      | Identified the amulet of Xoruunin {+Rage rElec Int+4 SInv}
  9015 | D:9      | Received a gift from Trog
  9015 | D:9      | Noticed a gargoyle
  9020 | D:9      | Killed a centaur warrior
  9049 | D:9      | Got a flickering crystal amulet
  9356 | D:9      | Killed a gargoyle
  9356 | D:9      | Reached skill level 10 in Long Blades
  9576 | D:9      | Got a clouded pewter amulet
  9585 | D:9      | Got an ancient brass ring
  9766 | D:9      | Reached XP level 11. HP: 44/86 MP: 11/11
  9783 | D:9      | Identified the amulet "Inonkuq" {*Corrode Regen+ Str+9
                  | Int-4 Dex+4} (You found it on level 9 of the Dungeon)
  9785 | D:9      | Identified the amulet of Nawelout {Spirit *Slow Str-5
                  | Dex+9} (You found it on level 9 of the Dungeon)
  9787 | D:9      | Identified the ring "Deekhepo" {*Tele rElec} (You found it
                  | on level 9 of the Dungeon)
  9840 | D:9      | Noticed Maurice
  9866 | D:9      | Killed Maurice
  9978 | D:9      | Received a gift from Trog
 10096 | D:10     | Entered Level 10 of the Dungeon
 10476 | D:10     | Noticed Erica
 10501 | D:10     | Killed Erica
 10933 | D:11     | Found Keekimue's Weapon Shop.
 10933 | D:11     | Noticed a two-headed ogre
 11013 | D:11     | Reached skill level 1 in Throwing
 11044 | D:11     | Killed a two-headed ogre
 11142 | D:11     | Reached ***** piety under Trog
 11306 | D:11     | Noticed a two-headed ogre
 11314 | D:11     | Killed a two-headed ogre
 11473 | D:12     | Noticed Rupert
 11489 | D:12     | Killed Rupert
 11489 | D:12     | Reached skill level 11 in Long Blades
 11603 | D:12     | Gained mutation: A demonic guardian rushes to your aid.
                  | [demonic ancestry]
 11603 | D:12     | Reached XP level 12. HP: 94/94 MP: 6/12
 11731 | D:12     | Noticed Nessos
 11740 | D:12     | Killed Nessos
 12255 | D:12     | Paralysed by a hornet for 1 turns
 12410 | D:13     | Found a transporter.
 12410 | D:13     | Found a transporter.
 12410 | D:13     | Noticed RatmanManrat's ghost (journeyman MiBe)
 12412 | D:13     | Identified the +5 dire flail "Xot Cooc" {freeze, Str+10
                  | Dex+4}
 12412 | D:13     | Identified the +11 dire flail of Exchange {drain, *Noise
                  | rF++}
 12412 | D:13     | Noticed a two-headed ogre
 12415 | D:13     | Noticed a two-headed ogre
 12421 | D:13     | Noticed a two-headed ogre
 12422 | D:13     | Noticed a two-headed ogre
 12431 | D:13     | Received a gift from Trog
 12503 | D:13     | You fall through a shaft for 2 floors!
 12503 | D:15     | Entered Level 15 of the Dungeon
 12504 | D:15     | Noticed a tengu warrior
 12506 | D:15     | Noticed a two-headed ogre
 12510 | D:15     | Noticed a centaur warrior
 12522 | D:15     | Killed a tengu warrior
 12528 | D:15     | Killed a centaur warrior
 12528 | D:15     | Reached skill level 12 in Long Blades
 12533 | D:15     | Killed a two-headed ogre
 12550 | D:15     | Noticed an ettin
 12561 | D:15     | Killed an ettin
 12585 | D:15     | Noticed a two-headed ogre
 12596 | D:15     | Killed a two-headed ogre
 12714 | D:15     | Noticed a seven-headed hydra
 12724 | D:15     | Killed a five-headed hydra
 12724 | D:15     | Reached skill level 10 in Shields
 12877 | D:15     | Received a gift from Trog
 13019 | D:15     | Gained mutation: You have a pair of horns on your head.
                  | [demonic ancestry]
 13019 | D:15     | Reached XP level 13. HP: 101/101 MP: 13/13
 13336 | D:15     | Found a staircase to the Depths.
 13712 | D:14     | Paralysed by a floating eye for 2 turns
 13742 | D:14     | Reached skill level 13 in Long Blades
 14404 | D:13     | Received a gift from Trog
 14436 | D:13     | Found Kuikej's Magic Scroll Shop.
 14472 | D:13     | Bought a scroll of identify for 28 gold pieces
 14472 | D:13     | Bought a scroll of enchant armour for 105 gold pieces
 14555 | D:13     | Reached skill level 10 in Fighting
 14808 | D:13     | Found a gate to the Vaults.
 14915 | D:13     | Killed RatmanManrat's ghost
 14915 | D:13     | Gained mutation: A powerful demonic guardian rushes to your
                  | aid. [demonic ancestry]
 14915 | D:13     | Reached XP level 14. HP: 111/111 MP: 3/14
 15111 | Depths:1 | Entered Level 1 of the Depths
 15116 | Depths:1 | Found Mauk's Antique Weapon Shoppe.
 15412 | Depths:1 | Noticed a stone giant
 15431 | Depths:1 | Killed a stone giant
 15546 | Depths:1 | Reached skill level 14 in Long Blades
 15663 | Depths:1 | Reached skill level 10 in Armour
 15884 | Depths:1 | Slain by a spark wasp

Skill      XL: |  1  2  3  4  5  6  7  8  9 10 11 12 13 14 |
---------------+-------------------------------------------+-----
Long Blades    | 3 4 5 6 8 9 10 11 12 13 14 | 14.2
Armour         | 2 3 4 5 6 7 8 9 10 | 10.2
Dodging        | 2 3 |  3.6
Fighting       | 4 5 6 7 8 9 10 11 | 11.0
Stealth        | 1 2 3 4 |  4.0
Shields        | 3 6 8 10 11 | 11.9
Throwing       | 1 |  1.3

Action                   |  1- 3 |  4- 6 |  7- 9 | 10-12 | 13-15 || total
-------------------------+-------+-------+-------+-------+-------++-------
Melee: Falchion          |   155 |   207 |   645 |   472 |   210 ||  1689
       Headbutt          |       |       |   106 |   243 |   172 ||   521
       Scimitar          |       |       |       |   314 |   172 ||   486
Throw: Tomahawk          |       |       |       |    10 |       ||    10
Invok: Trog's Hand       |     1 |     3 |    14 |    10 |    14 ||    42
       Berserk           |     1 |     2 |     9 |     9 |    11 ||    32
       Brothers in Arms  |       |       |       |       |     1 ||     1
  Use: Scroll            |       |       |    15 |    13 |     5 ||    33
       Potion            |       |       |       |     2 |     3 ||     5
 Stab: Distracted        |       |       |     3 |    11 |     1 ||    15
  Eat: Chunk             |     1 |     4 |     8 |     1 |     8 ||    22
       Ration            |       |     2 |     7 |     8 |     5 ||    22
Armor: Plate armour      |   134 |   133 |   312 |   211 |    96 ||   886
       Animal skin       |     4 |       |       |       |       ||     4
Dodge: Dodged            |    71 |    54 |   147 |   116 |    52 ||   440
Block: Other             |       |    36 |    63 |       |       ||    99
       Shield            |       |       |   135 |   607 |   262 ||  1004
       Rpst.: Falchion   |    19 |    19 |    51 |    26 |     5 ||   120
       Scimitar          |       |       |       |    15 |     8 ||    23
